 Dungeon Crawl Stone Soup version 0.23-a0-489-g205b0b6 (webtiles) character file.

179 MisterFreud the Ruffian (level 5, -1/48 HPs)
             Began as a Troll Hunter on Dec 2, 2018.
             Slain by an ogre
             ... wielding a +0 giant spiked club
              (3 damage)
             ... on level 4 of the Dungeon.
             The game lasted 00:03:34 (2351 turns).

MisterFreud the Ruffian (Troll Hunter)              Turns: 2351, Time: 00:03:34

Health: -1/48      AC:  5    Str: 21    XL:     5   Next: 33%
Magic:  4/4        EV: 10    Int:  7    God:
Gold:   115        SH:  0    Dex: 10    Spells: 4/4 levels left

rFire    . . .     SeeInvis .     - Unarmed
rCold    + . .     Gourm    +   (no shield)
rNeg     . . .     Faith    .   b - +0 robe
rPois    .         Spirit   .   (helmet restricted)
rElec    .         Reflect  .   (no cloak)
rCorr    +         Harm     .   (gloves unavailable)
MR       .....                  (boots unavailable)
Stlth    +.........             (no amulet)
HPRegen  0.56/turn              p - ring of resist corrosion
MPRegen  0.09/turn              s - ring of protection from cold

@: no status effects
A: large, unfitting armour, claws 3, fast metabolism 3, gourmand, regeneration
1, shaggy fur 1, tough skin 2
a: no special abilities


You were on level 4 of the Dungeon.
You were very full.

You visited 1 branch of the dungeon, and saw 4 of its levels.

You collected 115 gold pieces.

Inventory:

Missiles
 a - 50 stones
 c - 5 large rocks (quivered)
 d - 2 throwing nets
Armour
 b - a +0 robe (worn)
Jewellery
 p - a ring of resist corrosion (left claw)
 s - a ring of protection from cold (right claw)
Scrolls
 g - a scroll of amnesia {unknown}
 j - a scroll of immolation {unknown}
 k - a scroll of magic mapping {unknown}
 m - 2 scrolls of teleportation {unknown}
Potions
 e - a potion of flight
 h - a potion of might
 i - a potion of agility {unknown}
 l - a potion of magic
 n - a potion of brilliance {unknown}
 o - a potion of haste {unknown}
 q - 3 potions of curing {unknown}
Comestibles
 f - 3 rations


   Skills:
 - Level 1.5 Fighting
 - Level 3.6 Throwing
 - Level 1.5 Dodging
 - Level 0.3 Stealth
 + Level 5.1 Unarmed Combat


You had 4 spell levels left.
You didn't know any spells.
Your spell library was empty.

Dungeon Overview and Level Annotations

Branches:
Dungeon (4/15)
 Temple: D:4-7

Altars:
Dithmenos


Innate Abilities, Weirdness & Mutations

You are too large for most types of armour.
You have claws for hands.
Your metabolism is lightning-fast.
You like to eat raw meat.
Your natural rate of healing is unusually fast.
You are covered in fur. (AC +1)
You have very tough skin. (AC +2)


Message History

You barely miss the ogre. You closely miss the ogre.
The ogre barely misses you.
You barely miss the ogre.
The ogre hits you with a +0 giant spiked club!!
You claw the ogre!
The ogre is heavily wounded.
You scratch the ogre.
The ogre is heavily wounded.
The ogre hits you with a +0 giant spiked club!!
* * * LOW HITPOINT WARNING * * *
You claw the ogre!
The ogre is severely wounded.
You scratch the ogre.
The ogre is almost dead.
The ogre hits you with a +0 giant spiked club!
* * * LOW HITPOINT WARNING * * *
You scratch the ogre but do no damage.
The ogre is almost dead.
The ogre hits you with a +0 giant spiked club.
You die...

# #....# #. #<.#.#
#####.#####..#.#
.............#.#
##.#.#.###..#.#####.
#.##.##..........
##.###..##.##.#######.
..?.....#.###.# #O@.##
#.#######. #...##
#......... ##..#
########## #..# #..#
...# ##.## #.


You could see an ogre.

Vanquished Creatures
  2 orc priests (D:3)
  A hound skeleton (D:3)
  3 adders (D:3)
  An adder skeleton (D:3)
  2 worms (D:2)
  3 dart slugs
  8 orcs (D:3)
  A giant cockroach (D:3)
  2 goblins (D:2)
  13 hobgoblins
  7 kobolds
  2 quokkas (D:3)
  9 bats
  A frilled lizard (D:1)
  A leopard gecko zombie (D:3)
  A quokka skeleton (D:3)
  4 rats
61 creatures vanquished.

Notes
Turn   | Place    | Note
-------+----------+-------------------------------------------
     0 | D:1      | MisterFreud the Troll Hunter began the quest for the Orb.
     0 | D:1      | Reached XP level 1. HP: 19/19 MP: 0/0
   119 | D:1      | Reached skill level 1 in Unarmed Combat
   209 | D:1      | You fall through a shaft!
   240 | D:2      | Reached XP level 2. HP: 27/27 MP: 1/1
   417 | D:1      | Reached skill level 2 in Unarmed Combat
  1018 | D:2      | Reached XP level 3. HP: 33/33 MP: 2/2
  1605 | D:3      | Reached skill level 3 in Unarmed Combat
  1664 | D:3      | Reached XP level 4. HP: 37/41 MP: 3/3
  1697 | D:3      | Reached skill level 4 in Unarmed Combat
  1858 | D:3      | Found a shadowy altar of Dithmenos.
  2003 | D:3      | Reached skill level 5 in Unarmed Combat
  2003 | D:3      | Reached XP level 5. HP: 23/48 MP: 4/4
  2340 | D:4      | Noticed an ogre
  2350 | D:4      | HP: 1/48 [ogre/+0 giant spiked club (9)]
  2351 | D:4      | Slain by an ogre

Vault maps used:
D:1:      scummos_arrival_simple_crosswalls
D:3:      lemuel_round_altar, serial_undead, serial_undead_a, serial_undead_f,
          serial_undead_d, serial_undead_c
D:4:      first_ration, kennysheep_dice

Skill      XL: |  1  2  3  4 |
---------------+-------------+-----
Unarmed Combat | 1 2 3 5 |  5.1
Fighting       | |  1.5
Throwing       | |  3.6
Dodging        | |  1.5
Stealth        | |  0.3

Action                   |  1- 3 |  4- 6 || total
-------------------------+-------+-------++-------
Melee: Unarmed           |    81 |    73 ||   154
       Punch             |       |     1 ||     1
  Use: Scroll            |     3 |       ||     3
 Stab: Sleeping          |     1 |     1 ||     2
  Eat: Chunk             |    15 |    11 ||    26
Armor: Robe              |    36 |    17 ||    53
Dodge: Dodged            |    43 |    45 ||    88

Table legend:
 A = Non-vault XP
 B = Vault XP
 C = Vault XP percentage of total XP
 D = Non-vault monster count
 E = Vault monster count
 F = Vault count percentage of total count
                 A         B        C        D         E       F
            +---------+---------+-------+---------+---------+-------
      Total |     232 |      25 |   9.7 |      57 |       4 |   6.6
            +---------+---------+-------+---------+---------+-------
        D:1 |      20 |       0 |   0.0 |      14 |       0 |   0.0
        D:2 |      33 |       0 |   0.0 |      15 |       0 |   0.0
        D:3 |     179 |      25 |  12.3 |      28 |       4 |  12.5
            +---------+---------+-------+---------+---------+-------
